 Dungeon Crawl Stone Soup version 0.26-a0-834-g69557b85cc (webtiles) character file.

Game seed: 4245498659907796816

392 marklar909 the Conjurer (level 6, -3/48 HPs)
             Began as a Draconian Conjurer on Nov 17, 2020.
             Was an Initiate of Ru.
             Slain by Pikel
             ... wielding a +0 whip of electrocution
              (13 damage)
             ... on level 4 of the Dungeon.
             The game lasted 00:04:22 (4158 turns).

marklar909 the Conjurer (Draconian Conjurer)        Turns: 4158, Time: 00:04:23

Health: -3/48      AC:  6    Str: 10    XL:     6   Next: 50%
Magic:  1/10       EV: 12    Int: 19    God:    Ru [......]
Gold:   223        SH:  0    Dex: 10    Spells: 4/10 levels left

rFire    . . .     SeeInvis .   j - +2 long sword (holy)
rCold    . . .     Faith    .   (no shield)
rNeg     . . .     Spirit   .   (armour unavailable)
rPois    .         Reflect  .   (helmet restricted)
rElec    .         Harm     .   (no cloak)
rCorr    .         Rampage  .   (no gloves)
MR       .....                  (no boots)
Stlth    ++........             (no amulet)
HPRegen  0.16/turn              (no ring)
MPRegen  0.12/turn              (no ring)

@: no status effects
A: unfitting armour, cold-blooded, AC +6
a: Renounce Religion


You were on level 4 of the Dungeon.
You worshipped Ru.
Ru was noncommittal.
You visited 1 branch of the dungeon, and saw 4 of its levels.

You collected 223 gold pieces.

Inventory:

Hand Weapons
 f - a +0 spear
 j - a +2 long sword of holy wrath (weapon)
Jewellery
 p - a +6 ring of strength
Scrolls
 b - 5 scrolls of remove curse {unknown}
 c - a scroll of enchant armour {unknown}
 d - 2 scrolls of teleportation {unknown}
 e - 6 scrolls of identify {unknown}
 g - 4 scrolls of amnesia {unknown}
 h - a scroll of magic mapping {unknown}
 k - 2 scrolls of enchant weapon {unknown}
 n - a scroll of noise {unknown}
 q - a scroll of immolation {unknown}
Potions
 a - a potion of attraction {unknown}
 i - 2 potions of flight {unknown}
 l - 2 potions of lignification {unknown}
 m - a potion of heal wounds {unknown}
 o - a potion of magic {unknown}


   Skills:
 + Level 1.7 Fighting
 + Level 3.0 Long Blades
 + Level 1.7 Polearms
 + Level 2.4 Dodging
 + Level 2.5 Stealth
 + Level 2.8 Spellcasting
 + Level 5.4 Conjurations


You had 4 spell levels left.
You knew the following spells:

 Your Spells              Type           Power        Failure   Level
a - Magic Dart            Conj           ###.         1%          1
b - Searing Ray           Conj           ###...       2%          2
c - Dazzling Flash        Conj/Hex       ##....       16%         3

Your spell library contained the following spells:

 Spells                   Type           Power        Failure   Level
 Fulminant Prism          Conj/Hex       ##........   45%         4
 Iskenderun's Mystic Bla  Conj/Tloc      ##......     45%         4


Dungeon Overview and Level Annotations

Branches:
Dungeon (4/15)
 Temple: D:4-7

Altars:
Cheibriados
Dithmenos
Fedhas
Makhleb
Okawaru
Ru
Wu Jian
The Shining One

Annotations:
D:4 Pikel


Innate Abilities, Weirdness & Mutations

Your plain brown scales are hard. (AC +6)
You cannot fit into any form of body armour.
You are cold-blooded and may be slowed by cold attacks.


Message History

That felt strangely unrewarding.
The searing ray hits Pikel.
Pikel is severely wounded.
The searing ray hits the lemure!
The lemure is severely wounded.
Unknown command.
Unknown command.
The searing ray hits Pikel.
Pikel is severely wounded.
The searing ray hits the lemure.
The lemure is almost dead.
Pikel hits you with a +0 whip of electrocution.
You are electrocuted!!
The searing ray hits Pikel.
Pikel is almost dead.
The searing ray misses the lemure. x2; You finish channeling your searing ray.
Pikel hits you with a +0 whip of electrocution.
Pikel hits you with a +0 whip of electrocution!
* * * LOW HITPOINT WARNING * * *
You are electrocuted!
You die...

......#######.
#.###.# #.# #.#
#.# #. #.# #.#
#.#######.##.#
#.#
#......##.##.#
#.#
#.####.##.##5#
#.# #.# #.##.##5#
#.# #.# #.##.##K#
#.#
#.####.#...#@#
#........#...#
######.#...###...
#.##......#
#.######..# #.#
.# .#. # # #


You could see Pikel and 2 lemures.

Vanquished Creatures
  An ogre (D:4)
  2 lemures (D:4)
  A scorpion (D:4)
  2 hounds
  A centaur skeleton (D:4)
  Terence (D:2)
  Natasha (D:3)
  4 adders
  2 worms
  2 dart slugs
  A leopard gecko (D:1)
  7 orcs
  3 giant cockroaches
  10 goblins
  6 hobgoblins
  A jackal (D:2)
  2 quokkas (D:3)
  9 bats
  5 frilled lizards
  7 kobolds
  7 rats
75 creatures vanquished.

Vanquished Creatures (others)
  3 plants (D:2)
  4 toadstools (D:1)
7 creatures vanquished.

Grand Total: 82 creatures vanquished

Notes
Turn   | Place    | Note
-------+----------+-------------------------------------------
     0 | D:1      | marklar909 the Draconian Conjurer began the quest for the
                  | Orb.
     0 | D:1      | Reached XP level 1. HP: 14/14 MP: 3/3
   352 | D:1      | Reached XP level 2. HP: 20/20 MP: 0/5
   889 | D:1      | Reached XP level 3. HP: 26/26 MP: 1/6
  1261 | D:2      | Reached skill level 5 in Conjurations
  1397 | D:2      | Found a snail-covered altar of Cheibriados.
  1525 | D:2      | Learned a level 2 spell: Searing Ray
  1529 | D:2      | Learned a level 3 spell: Dazzling Flash
  1606 | D:2      | Noticed Terence
  1626 | D:2      | Killed Terence
  1627 | D:2      | Reached skill level 1 in Polearms
  1627 | D:2      | Reached XP level 4. HP: 23/34 MP: 3/7
  3016 | D:3      | Reached XP level 5. HP: 36/39 MP: 8/8
  3117 | D:3      | Found a shadowy altar of Dithmenos.
  3183 | D:3      | Noticed Natasha
  3195 | D:3      | Killed Natasha
  3196 | D:3      | Reached skill level 1 in Long Blades
  3471 | D:3      | Found a blossoming altar of Fedhas.
  3471 | D:3      | Found a burning altar of Makhleb.
  3471 | D:3      | Found an iron altar of Okawaru.
  3471 | D:3      | Found a glowing golden altar of the Shining One.
  3479 | D:3      | Found a sacrificial altar of Ru.
  3479 | D:3      | Found an ornate altar of the Wu Jian Council.
  3529 | D:3      | Reached skill level 1 in Fighting
  3578 | D:3      | Became a worshipper of Ru the Awakened
  3862 | D:4      | Noticed an ogre
  3875 | D:4      | Killed an ogre
  3876 | D:4      | Reached XP level 6. HP: 47/47 MP: 0/10
  4148 | D:4      | Noticed Pikel
  4158 | D:4      | Slain by Pikel

Illustrated notes

Levels and vault maps discovered:
D:1:      sevenhm_arrival_forest_fort_small_5, layout_rooms,
          chequers_decorated_corner, minmay_gold_behind_fungi,
          minmay_stone_trees_medium, minmay_3d_cube
D:2:      layout_basic, lemuel_round_altar, serial_forest,
          infiniplex_forest_clump_tiny, infiniplex_forest_straight_1,
          infiniplex_forest_straight_2, infiniplex_forest_lined_4_way,
          infiniplex_forest_diagonal, infiniplex_forest_clump_curved,
          infiniplex_forest_zigzag_2, infiniplex_forest_clump_tiny,
          infiniplex_forest_lined_2, infiniplex_forest_diagonal, st_stairs_4,
          minmay_misc_feat_roman, serial_park_tiny_1, uniq_terence
D:3:      layout_loops_cross, marbit_many_paths, minmay_overflow_temple_hex,
          serial_glass, glass_columns_c, glass_columns_b,
          minmay_misc_feat_doors, uniq_natasha
D:4:      layout_loops_ring, uniq_grinder, uniq_pikel

Skill      XL: |  1  2  3  4  5  6 |
---------------+-------------------+-----
Conjurations   | 5 |  5.4
Dodging        | 2 |  2.4
Polearms       | 1 |  1.7
Stealth        | 2 |  2.5
Long Blades    | 2 3 |  3.0
Fighting       | 1 |  1.7
Spellcasting   | |  2.8

Action                   |  1- 3 |  4- 6 || total
-------------------------+-------+-------++-------
Melee: Unarmed           |    13 |       ||    13
       Tailslap          |     3 |    10 ||    13
       Spear             |    10 |       ||    10
       Long sword        |     7 |    83 ||    90
 Cast: Magic Dart        |    50 |    13 ||    63
       Searing Ray       |     1 |    17 ||    18
 Stab: Sleeping          |       |     1 ||     1
Armor: Skin              |     4 |    41 ||    45
Dodge: Dodged            |    30 |    85 ||   115
       Rpst.: Long sword |     3 |    29 ||    32

Table legend: (Time is in decaauts)
 A = Elapsed time spent in this place.
 B = Non-inter-level travel time spent in this place.
 C = Inter-level travel time spent in this place.
 D = Time resting spent in this place.
 E = Time spent auto-exploring this place.
 F = Levels seen in this place.
 G = Mean time per level.
                   A        B        C        D        E       F      G
               +--------+--------+--------+--------+--------+-----+--------+
         Total |   4196 |   3988 |    208 |     52 |   3433 |   4 | 1049.0 |
       Dungeon |   4196 |   3988 |    208 |     52 |   3433 |   4 | 1049.0 |
               +--------+--------+--------+--------+--------+-----+--------+

Top non-repeatable levels by time:
     D:3: 1360 daAuts
     D:1: 1251 daAuts
     D:2: 1202 daAuts
     D:4: 382 daAuts
